 Dungeon Crawl Stone Soup version 0.26-a0-940-gf7e0b5f775 (webtiles) character file.

Game seed: 4389683706536132604

137 araganzar the Sneak (level 5, 42/42 HPs)
             Began as a Demonspawn Delver on Nov 28, 2020.
             Was a Follower of Yredelemnul.
             Quit the game on level 3 of the Dungeon.
             The game lasted 00:04:01 (2974 turns).

araganzar the Sneak (Demonspawn Delver)             Turns: 2974, Time: 00:04:01

Health: 42/42      AC:  4    Str: 13    XL:     5   Next: 0%
Magic:  5/5        EV: 12    Int: 13    God:    Yredelemnul [*.....]
Gold:   125        SH:  0    Dex: 15    Spells: 4/4 levels left

rFire    . . .     SeeInvis .   k - +2 dagger (elec)
rCold    + . .     Faith    .   (no shield)
rNeg     . . .     Spirit   .   b - +0 leather armour
rPois    .         Reflect  .   s - +0 helmet
rElec    .         Harm     .   (no cloak)
rCorr    .         Rampage  .   (no gloves)
MR       .....                  (no boots)
Stlth    +++.......             (no amulet)
HPRegen  0.14/turn              (no ring)
MPRegen  0.09/turn              (no ring)

@: no status effects
A: talons 1, blurry vision 1, cold resistance 1, spiny 1, big brain 1
a: Animate Remains, Renounce Religion


You were on level 3 of the Dungeon.
You worshipped Yredelemnul.
Yredelemnul was aware of your devotion.
You visited 1 branch of the dungeon, and saw 5 of its levels.

You collected 125 gold pieces.


Innate Abilities, Weirdness & Mutations

You have sharp toenails.
Your flesh is cold resistant. (rC+)
You are partially covered in sharp spines.
You have an unusually large brain. (Int +2)
Scrolls take you a little longer to read.


   Skills:
 + Level 3.9 Fighting
 + Level 1.3 Short Blades
 + Level 2.9 Axes
 + Level 2.0 Armour
 - Level 1.7 Dodging
 - Level 4.5 Stealth


You had 4 spell levels left.
You didn't know any spells.
Your spell library was empty.

Inventory:

Hand Weapons
 a - a +0 hand axe
 k - a +2 dagger of electrocution (weapon)
   (You took it off a kobold on level 1 of the Dungeon)
 r - a +0 war axe of venom
   (You found it on level 2 of the Dungeon)
 u - a +0 trident
   (You took it off an orc on level 3 of the Dungeon)
Missiles
 t - a throwing net {=f, !d}
Armour
 b - a +0 leather armour (worn)
 s - a +0 helmet (worn)
   (You found it on level 2 of the Dungeon)
Wands
 g - a wand of digging (3)
Scrolls
 c - a scroll of fog
 d - 2 scrolls of remove curse
 e - 3 scrolls of fear
 i - a scroll of random uselessness {unknown}
 j - 2 scrolls of magic mapping {!r}
 p - 2 scrolls of immolation {!r}
Potions
 f - 2 potions of haste
 l - a potion of flight {unknown}
 n - a potion of degeneration {unknown}
 o - 2 potions of attraction {!q}
 q - 2 potions of ambrosia

(.......###..#P.P.#.#############
#######.##...#...##..............
#.##8P.#...#....#..........
#......#####....#.#########
#######......#####....#.........#
.....##.##...#...#..).#...<.....#
.....##.##...#...###..##########.
.....##.###..#.P..##...........')
.....##...#..'..@⌠#.......######.
.....######..#P..P#######.# #.
.....# #..#...## #.# ## .....#
##.#♣♣.# #.# .....## #.# ### #.#
....).###################.#######
......)..........................
......######..####.##...#.#######
#...### ##.# #.##...#.#


There were no monsters in sight!


Message History

An adder is nearby!
An adder is nearby!
Unknown command.
Unknown command.
Unknown command.
No target in view!
The adder hisses angrily.
The adder closely misses you.
You hit the adder. Lightning courses through the adder!
You kill the adder!
You have reached level 5!
Your demonic ancestry asserts itself...
Your mutations feel more permanent.
Health restored: 42; MP restored: 5 Search for what [Enter for "body", or ? for help]? altar You see here 9 stones.
There is an open door here.
There is a faded altar of an unknown god here.
Unknown command.
Press < or > to pray at altars.
You cannot tell which god this altar belongs to.
Convert to them anyway?
Okay, then.
You cannot tell which god this altar belongs to.
Convert to them anyway?
Yredelemnul accepts your prayer! Yredelemnul welcomes you!
You can now animate remains.
Unknown command.
Press < or > to pray at altars.
Unknown command.
Press < or > to pray at altars.

Action                   |  1- 3 |  4- 6 || total
-------------------------+-------+-------++-------
Melee: Hand axe          |    49 |       ||    49
       Dagger            |    51 |    25 ||    76
       Kick              |    16 |     5 ||    21
  Use: Scroll            |     1 |     5 ||     6
       Potion            |       |     1 ||     1
 Stab: Sleeping          |    12 |     1 ||    13
Armor: Leather armour    |    16 |     9 ||    25
Dodge: Dodged            |    56 |    29 ||    85

Levels and vault maps discovered:
D:1:      eino_arrival_cavern_b, layout_loops_ring, grunt_decor_cap
D:2:      layout_basic
D:3:      layout_basic, kennysheep_ying_yang, zin_statuary, minitemple,
          chequers_ecumenical_altar_lobes
D:4:      minmay_spotlight, layout_rooms
D:5:      layout_loops_cross

Notes
Turn   | Place    | Note
-------+----------+-------------------------------------------
     0 | D:5      | araganzar the Demonspawn Delver began the quest for the
                  | Orb.
     0 | D:5      | Reached XP level 1. HP: 18/18 MP: 1/1
   295 | D:5      | Noticed a worker ant
   490 | D:3      | Reached skill level 2 in Axes
   587 | D:3      | Noticed an orc priest
   611 | D:4      | Noticed a phantom
   647 | D:1      | Gained mutation: You have sharp toenails. [demonic
                  | ancestry]
   647 | D:1      | Reached XP level 2. HP: 24/24 MP: 2/2
   829 | D:1      | Reached skill level 1 in Armour
   914 | D:1      | Gained mutation: You are partially covered in sharp spines.
                  | [demonic ancestry]
   914 | D:1      | Reached XP level 3. HP: 25/29 MP: 3/3
  2045 | D:3      | Found a glowing silver altar of Zin.
  2078 | D:3      | Gained mutation: You have an unusually large brain. (Int
                  | +2) [demonic ancestry]
  2078 | D:3      | Reached XP level 4. HP: 37/37 MP: 4/4
  2226 | D:3      | Reached skill level 1 in Short Blades
  2231 | D:3      | Reached skill level 2 in Armour
  2647 | D:3      | Gained mutation: Scrolls take you a little longer to read.
                  | [potion of mutation]
  2647 | D:3      | Gained mutation: Your flesh is cold resistant. (rC+)
                  | [potion of mutation]
  2771 | D:3      | Found a faded altar of an unknown god.
  2862 | D:3      | Found a white marble altar of Elyvilon.
  2927 | D:3      | Mutation became permanent: Your flesh is cold resistant.
                  | (rC+) [demonic ancestry]
  2927 | D:3      | Gained mutation: Your flesh is cold resistant. (rC+)
                  | [demonic ancestry]
  2927 | D:3      | Reached XP level 5. HP: 42/42 MP: 5/5
  2973 | D:3      | Became a worshipper of Yredelemnul the Dark
  2973 | D:3      | Reached * piety under Yredelemnul
  2974 | D:3      | Quit the game

Vanquished Creatures
  An orc priest (D:3)
  3 adders
  An ooze (D:3)
  A worm (D:3)
  4 dart slugs
  A leopard gecko (D:5)
  5 orcs (D:3)
  5 giant cockroaches
  6 hobgoblins
  6 jackals
  4 bats
  2 frilled lizards
  4 goblins
  8 kobolds
  5 rats
56 creatures vanquished.
